 Dungeon Crawl Stone Soup version 0.28-a0-991-g956f0ee3d5 (webtiles) character file.

Game seed: 5480668769202545576

21 Sabo the Vexing (level 2, 0/19 (27) HPs)
             Began as an Ogre Arcane Marksman on Dec 4, 2021.
             Slain by a quokka (4 damage)
             ... on level 1 of the Dungeon.
             The game lasted 00:04:47 (1201 turns).

Sabo the Vexing (Ogre Arcane Marksman)              Turns: 1201, Time: 00:04:47

HP:   0/19 (27)     AC:  3    Str: 13    XL:     2   Next: 87%
MP:   2/3           EV: 10    Int: 14    God:
Gold: 72            SH:  0    Dex:  9    Spells: 2/3 levels left

rFire   . . .      SeeInvis .   (no weapon)
rCold   . . .      Faith    .   (no shield)
rNeg    . . .      Spirit   .   e - +0 robe
rPois   .          Reflect  .   (helmet restricted)
rElec   .          Harm     .   (no cloak)
rCorr   .          Rampage  .   (gloves unavailable)
Will    .....                   (boots unavailable)
Stlth   +.........              (no amulet)
HPRegen 0.06/turn               (no ring)
MPRegen 0.08/turn               (no ring)

@: very heavily drained
A: large, unfitting armour, tough skin 1
a: no special abilities


You were on level 1 of the Dungeon.
You visited 1 branch of the dungeon, and saw 1 of its levels.

You collected 72 gold pieces.

Inventory:

Armour
 e - a +0 robe (worn)
Scrolls
 a - a scroll of magic mapping {unknown}
Potions
 d - a potion of magic {unknown}


   Skills:
 + Level 1.5 Fighting
 + Level 2.5 Throwing
 + Level 2.1 Dodging
 + Level 0.3 Unarmed Combat
 + Level 1.2 Spellcasting
 + Level 2.9 Hexes


You had 2 spell levels left.
You knew the following spells:

 Your Spells              Type           Power      Damage    Failure   Level
a - Slow                  Hex            36%        N/A       8%          1

Your spell library contained the following spells:

 Spells                   Type           Power      Damage    Failure   Level
 Inner Flame              Hex/Fire       4%         N/A       38%         3
 Portal Projectile        Hex/Tloc       8%         N/A       38%         3
 Cause Fear               Hex            4%         N/A       58%         4
 Dispersal                Tloc           0%         N/A       100%        6
 Disjunction              Tloc           0%         N/A       100%        8


Dungeon Overview and Level Annotations

Branches:
Dungeon (1/15)

Altars:


Innate Abilities, Weirdness & Mutations

You are too large for most types of armour.
You have tough skin. (AC +1)


Message History

The jackal bites you.
* * * LOW HITPOINT WARNING * * *
You closely miss the jackal.
The jackal is almost dead.
The jackal barely misses you. x2
You hit the jackal.
You kill the jackal!
Things that are here:
a +0 dagger of draining; a goblin corpse You start resting.
A quokka comes into view.
Casting: Slow (safe; 8% risk of failure)
Confirm with . or Enter, or press ? or * to list all spells.
Aiming: Slow (safe; 8% risk of failure)
Press: ? - help, Shift-Dir - straight line, f - quokka
Aim: a quokka (chance to affect: 62%)
The quokka resists with significant effort.
Throw: throwing net
Press: ? - help, Q - select action, (/) - cycle Shift-Dir - straight line, f/p - quokka
Aim: a quokka (41% to hit)
You throw a throwing net.
The throwing net closely misses the quokka.
You closely miss the quokka.
The quokka bites you but does no damage.
The quokka closely misses you.
You closely miss the quokka.
The quokka twitches its whiskers.
The quokka bites you.
* * * LOW HITPOINT WARNING * * *
You miss the quokka. The quokka misses you.
You hit the quokka but do no damage.
The quokka bites you but does no damage.
You closely miss the quokka. The quokka barely misses you.
Unknown command.
You closely miss the quokka.
The quokka bites you but does no damage. x2
You hit the quokka.
The quokka is moderately wounded.
The quokka bites you.
You die...

#### ...............#
#.# ......((.....# #†#
....((.).....########'#
.####.........#......[.
#.........#........
#..................
#.......##......... #
#.r.......>..#.##'# #
#.@....##.#........ #
#...÷..##.#......†. ♣
#.................. ♣
#.................. ♣
#.................. ♣
#......#........... ♣
#.........#........
####÷###..#........
#.#....#........


You could see a quokka.

Vanquished Creatures
  2 dart slugs (D:1)
  A bat (D:1)
  2 endoplasms (D:1)
  A goblin (D:1)
  2 hobgoblins (D:1)
  2 jackals (D:1)
  3 ball pythons (D:1)
  A frilled lizard (D:1)
  3 rats (D:1)
17 creatures vanquished.

Notes
Turn   | Place    | Note
-------+----------+-------------------------------------------
     0 | D:1      | Sabo the Ogre Arcane Marksman began the quest for the Orb.
     0 | D:1      | Reached XP level 1. HP: 19/19 MP: 2/2
   637 | D:1      | Reached XP level 2. HP: 19/27 MP: 3/3
  1201 | D:1      | Slain by a quokka

Illustrated notes

Levels and vault maps discovered:
D:1:      roderic_dead_forest, layout_basic

Skill      XL: |  1 |
---------------+----+-----
Dodging        | 2 |  2.1
Fighting       | |  1.5
Throwing       | |  2.5
Unarmed Combat | |  0.3
Spellcasting   | |  1.2
Hexes          | |  2.9

Action                   || total
-------------------------++-------
Melee: Unarmed           ||    95
Throw: Large rock        ||    14
       Throwing net      ||     2
 Cast: Slow              ||     7
Armor: Robe              ||    39
Dodge: Dodged            ||    49

Table legend: (Time is in decaauts)
 A = Elapsed time spent in this place.
 B = Non-inter-level travel time spent in this place.
 C = Inter-level travel time spent in this place.
 D = Time resting spent in this place.
 E = Time spent auto-exploring this place.
 F = Levels seen in this place.
 G = Mean time per level.
                   A        B        C        D        E       F      G
               +--------+--------+--------+--------+--------+-----+--------+
         Total |   1213 |   1213 |      0 |    684 |      0 |   1 | 1213.0 |
       Dungeon |   1213 |   1213 |      0 |    684 |      0 |   1 | 1213.0 |
               +--------+--------+--------+--------+--------+-----+--------+

Top non-repeatable levels by time:
     D:1: 1213 daAuts
